 Dungeon Crawl Stone Soup version 0.18-a0-844-g9229740 (webtiles) character file.

25 cluie the Gusty (level 2, -4/20 HPs)
             Began as a Demonspawn Air Elementalist on Dec 18, 2015.
             Killed from afar by Sigmund (9 damage)
             ... with a puff of flame
             ... on level 2 of the Dungeon.
             The game lasted 00:01:39 (1297 turns).

cluie the Gusty (Demonspawn Air Elementalist)       Turns: 1297, Time: 00:01:40

Health: -4/20      AC:  2    Str: 13    XL:     2   Next: 82%
Magic:  5/5        EV: 14    Int: 16    God:
Gold:   96         SH:  0    Dex: 13    Spells: 1 memorised, 4 levels left

rFire  . . .     SeeInvis .     g - +2 hand axe (flame)
rCold  . . .     Gourm    .     a - +0 robe
rNeg   . . .     Faith    .     (no shield)
rPois  .         Spirit   .     (no helmet)
rElec  .         Dismiss  .     (no cloak)
rCorr  .         Reflect  .     (no gloves)
SustAt .         Harm     .     (no boots)
MR     .....                    f - amulet of rage
Stlth  ++........               (no ring)
                                (no ring)

@: mighty, flying, not resistant to hostile enchantments, unstealthy
A: repulsion field 1
a: Evoke Berserk Rage


You were on level 2 of the Dungeon.
You were not hungry.

You visited 1 branch of the dungeon, and saw 2 of its levels.

You collected 96 gold pieces.

Inventory:

Hand Weapons
 g - a +2 hand axe of flaming (weapon)
Armour
 a - a +0 robe (worn)
Jewellery
 f - an amulet of rage (around neck)
Scrolls
 e - 3 scrolls of remove curse {unknown}
 j - a scroll of recharging {unknown}
 l - a scroll of magic mapping {unknown}
 m - a scroll of identify {unknown}
 o - a scroll of enchant armour {unknown}
 p - a scroll of teleportation {unknown}
Potions
 d - a potion of flight
Books
 b - a book of Air

   Spells                             Type                      Level
   a - Shock                          Conjuration/Air              1
   b - Swiftness                      Charms/Air                   2
   c - Repel Missiles                 Charms/Air                   2
   d - Static Discharge               Conjuration/Air              3
   e - Lightning Bolt                 Conjuration/Air              5
Comestibles
 c - a bread ration
 h - a royal jelly
 i - a meat ration
 k - 2 slices of pizza


   Skills:
 + Level 0.6 Fighting
 + Level 2.3 Dodging
 - Level 1.7 Stealth
 + Level 2.2 Spellcasting
 + Level 1.4 Conjurations
 + Level 2.8 Air Magic


You had 4 spell levels left.
You knew the following spells:

 Your Spells              Type           Power        Failure   Level  Hunger
a - Shock                 Conj/Air       #...         10%         1    #......


Dungeon Overview and Level Annotations

Branches:
Dungeon (2/15)

Altars:

Annotations:
D:2 Sigmund


Innate Abilities, Weirdness & Mutations

You are surrounded by a mild repulsion field (EV +2).


Message History

Sigmund points at you and mumbles some strange words.
The puff of flame hits you!
Ouch! That really hurt!
* * * LOW HITPOINT WARNING * * *
Drink which item? (? for menu, Esc to quit)
It was a potion of flight.
You feel very buoyant.
You fly up into the air.
Sigmund closely misses you.
Drink which item? (? for menu, Esc to quit)
You can't drink that!
Drink which item? (? for menu, Esc to quit)
It was a potion of might.
You feel very mighty all of a sudden. Sigmund barely misses you.
You bump into the rock wall.
You bump into the rock wall.
Sigmund misses you.
You feel less confused. Sigmund casts a spell at you.
The puff of flame hits you!
You die...

#.# #.##############
#............... ####
#.#######....... ...# #.#
##)......... ##.# . #.#
#.......###. #.# ... #.#
#..##.#.# #. #.#
.)...######.###.....#.# #. ##.#
.......g@@....#.....#.# #. .#.#
.....######.#.#.....#.# #. .#.#
... ..#.#.....#.# #. .#.# # ..#
#.....#.# #. .#.#
...#.#.....#.###. .#.########
...#.#.....#.....
..........######.###.#...........
.................................
.#...............###.....#.....#.


You could see Sigmund and a hobgoblin.

Vanquished Creatures
  An ooze (D:1)
  2 giant cockroaches (D:1)
  3 hobgoblins (D:2)
  A kobold (D:1)
  2 bats (D:1)
  4 giant newts
  8 goblins
  2 rats (D:1)
23 creatures vanquished.

Notes
Turn   | Place    | Note
--------------------------------------------------------------
     0 | D:1      | cluie the Demonspawn Air Elementalist began the quest for the Orb.
     0 | D:1      | Reached XP level 1. HP: 13/13 MP: 3/3
   660 | D:1      | Gained mutation: You are surrounded by a mild repulsion field (EV +2). [demonic ancestry]
   660 | D:1      | Reached XP level 2. HP: 18/20 MP: 5/5
  1283 | D:2      | Noticed Sigmund
  1297 | D:2      | Killed from afar by Sigmund

Vault maps used:
D:1:      minmay_arrival_widening_spiral_wide
D:2:      minmay_misc_feat_roman, uniq_sigmund, uniq_robin

Action                   || total
-------------------------++-------
Melee: Hand axe          ||    49
 Cast: Shock             ||     4
  Use: Potion            ||     2
 Stab: Sleeping          ||     3
  Eat: Chunk             ||     1
